 Dungeon Crawl Stone Soup version 0.30-a0-168-g0b976cbdc4 (webtiles) character file.

Game seed: 2194217639666996977

235 qw the Chopper (level 6, -1/38 HPs)
             Began as a Gargoyle Fighter on Sept 29, 2022.
             Slain by Edmund
             ... wielding a +5 dire flail of protection
              (7 damage)
             ... on level 4 of the Dungeon.
             The game lasted 00:01:10 (2901 turns).

qw the Chopper (Gargoyle Fighter)                   Turns: 2901, Time: 00:01:11

Health: -1/38      AC: 13    Str: 19 (21) XL:     6   Next: 6%
Magic:  6/6        EV:  7    Int:  8 (9)  God:
Gold:   185        SH:  4    Dex:  7 (9)  Spells: 5/5 levels left

rFire   . . .      SeeInvis .    Y - +0 war axe
rCold   . . .      Faith    .    c - +0 buckler
rNeg    + . .      Spirit   .    a - +0 chain mail
rPois   inf        Reflect  .    (no helmet)
rElec   +          Harm     .    (no cloak)
rCorr   .          Rampage  .    (no gloves)
Will    .....                    (no boots)
Stlth   ..........               i - amulet of regeneration
HPRegen 0.92/turn                (no ring)
MPRegen 0.10/turn                (no ring)

@: no status effects
A: sickness immunity, AC +4, negative energy resistance 1, electricity
resistance, torment resistance 1, petrification resistance, deterioration 1,
sense surroundings 1
a: no special abilities


You were on level 4 of the Dungeon.
You visited 1 branch of the dungeon, and saw 4 of its levels.

You collected 185 gold pieces.


Innate Abilities, Weirdness & Mutations

You are immune to sickness and miasma.
Your stone body is resilient. (AC +4)
You are immune to poison.
You resist negative energy. (rN+)
You are resistant to electric shocks. (rElec)
You are resistant to unholy torment.
You are immune to petrification.
Your body sometimes deteriorates upon taking damage.
You passively map a small area around you.


   Skills:
 + Level 3.9 Fighting
 - Level 5.1 Axes
 - Level 1.0 Throwing
 - Level 3.2 Armour
 - Level 3.2 Shields


You had 5 spell levels left.
You didn't know any spells.
Your spell library was empty.

Inventory:

Hand Weapons
 j - a +0 flail
 Y - a +0 war axe (weapon)
Missiles
 g - 5 javelins (quivered)
Armour
 a - a +0 chain mail (worn)
 c - a +0 buckler (worn)
Jewellery
 b - an amulet of magic regeneration
 i - an amulet of regeneration (around neck)
Scrolls
 e - a scroll of identify
 h - 2 scrolls of teleportation
Potions
 d - a potion of might
 f - a potion of flight {unknown}
 k - a potion of haste {unknown}
 l - a potion of curing
 m - a potion of ambrosia {unknown}
 n - 2 potions of mutation

Dungeon Overview and Level Annotations

Branches:
Dungeon (4/15)
 Temple: D:4-7

Altars:
Sif Muna

Shops:
D:1 :   D:4 *

Annotations:
D:4 Edmund


Message History

You throw a javelin. The javelin closely misses the goblin.
You barely miss the goblin. The goblin hits you but does no damage.
Edmund the Younger comes into view.
He is wielding a +5 dire flail of protection.
2890 ||| Stepping ~*~*~tactically~*~*~ (stealth).
2891 ||| Stepping ~*~*~tactically~*~*~ (stealth).
Edmund shouts!
You slash the goblin!
You kill the goblin!
Throw: 7 javelins
Press: ? - help, Q - select action Shift-Dir - straight line, f - Edmund You throw a javelin.
The javelin pierces through Edmund!
Edmund is moderately wounded.
Throw: 6 javelins
Press: ? - help, Q - select action Shift-Dir - straight line, f/p - Edmund You throw a javelin.
The javelin barely misses Edmund.
You hit Edmund but do no damage.
Edmund is moderately wounded.
Edmund hits you but does no damage.
You barely miss Edmund.
Edmund is moderately wounded.
Edmund barely misses you.
You closely miss Edmund.
Edmund is moderately wounded.
Edmund hits you with a +5 dire flail of protection.
Your body deteriorates!
You feel dopey.
Edmund hits you with a +5 dire flail of protection!
You barely miss Edmund.
Edmund is moderately wounded.
Edmund barely misses you.
You closely miss Edmund.
Edmund is moderately wounded.
You block Edmund's attack.
You slash Edmund!
Edmund is heavily wounded.
Edmund hits you with a +5 dire flail of protection!
You slash Edmund!
Edmund is severely wounded.
Edmund hits you with a +5 dire flail of protection! x2
You die...

, , * , , ,(... .. , *
..#.#.. , ######## , ,
#.$.#. , , ......#
..\...########...>.#
,, ...#.#.....##.....#
,
..#.#(.......#......#
,
..(.....@@...#......#,
, ....#......+......#,
, , . ,
#......#......#,
##..##.##....## * *
,,###..##.##....#, ,
,, , #.............# *
, #.............#,,,,
, #...<....%....+, ,
###..###...##.# ,,


You could see Edmund.

Vanquished Creatures
  2 orc priests (D:3)
  An iguana (D:4)
  Natasha (twice) (D:2)
  2 adders
  A worm (D:4)
  5 orcs (D:3)
  6 bats
  5 endoplasms
  A giant cockroach (D:4)
  10 goblins
  7 hobgoblins
  4 jackals (D:3)
  12 kobolds
  3 quokkas
  5 ball pythons
  5 frilled lizards
  8 rats
79 creatures vanquished.

Vanquished Creatures (others)
  11 plants (D:2)
11 creatures vanquished.

Grand Total: 90 creatures vanquished

Notes
Turn   | Place    | Note
-------+----------+-------------------------------------------
     0 | D:1      | qw the Gargoyle Fighter began the quest for the Orb.
     0 | D:1      | Reached XP level 1. HP: 14/14 MP: 1/1
     0 | D:1      | 0 ||| qw: Version: 0.2-a-12-gaebbb33
     0 | D:1      | 0 ||| qw: Game counter: 1149
     0 | D:1      | 0 ||| qw: Always use a shield: true
     0 | D:1      | 0 ||| qw: God list: Okawaru
     0 | D:1      | 0 ||| qw: Allow faded altars: false
     0 | D:1      | 0 ||| qw: Do Orc after D:15 true
     0 | D:1      | 0 ||| qw: Do second Lair branch before Depths: true
     0 | D:1      | 0 ||| qw: Lair rune preference: random
     0 | D:1      | 0 ||| qw: Plans: Normal, Zot:1-4, God:TSO, Crypt, Tomb,
                  | Pan, Slime:5, Hells, Abyss, Orb
     0 | D:1      | 0 ||| PLANNING D:1-11
   113 | D:1      | Reached skill level 2 in Axes
   172 | D:1      | Found Ogumm's Book Boutique.
   177 | D:1      | 177 ||| READING scroll labelled ISCHICK EDOLEHAM.
   179 | D:1      | 179 ||| Stepping randomly (stuck).
   191 | D:1      | Reached XP level 2. HP: 18/19 MP: 2/2
   263 | D:1      | 263 ||| Stepping ~*~*~tactically~*~*~ (stealth).
   302 | D:1      | 302 ||| Stepping ~*~*~tactically~*~*~ (stealth).
   355 | D:1      | 355 ||| Stepping ~*~*~tactically~*~*~ (stealth).
   391 | D:1      | 391 ||| Stepping ~*~*~tactically~*~*~ (stealth).
   515 | D:1      | 515 ||| Stepping ~*~*~tactically~*~*~ (stealth).
   573 | D:1      | 573 ||| Stepping ~*~*~tactically~*~*~ (stealth).
   606 | D:1      | Reached skill level 3 in Axes
   617 | D:1      | 617 ||| DROPPING +0 club.
   683 | D:1      | Reached XP level 3. HP: 22/23 MP: 3/3
   704 | D:1      | 704 ||| Stepping ~*~*~tactically~*~*~ (stealth).
   912 | D:1      | 912 ||| Stepping ~*~*~tactically~*~*~ (stealth).
   957 | D:1      | 957 ||| Stepping ~*~*~tactically~*~*~ (stealth).
   959 | D:1      | 959 ||| Stepping ~*~*~tactically~*~*~ (stealth).
   961 | D:1      | 961 ||| Stepping ~*~*~tactically~*~*~ (stealth).
   963 | D:1      | 963 ||| Stepping ~*~*~tactically~*~*~ (stealth).
   965 | D:1      | 965 ||| Stepping ~*~*~tactically~*~*~ (stealth).
   976 | D:1      | 976 ||| Stepping ~*~*~tactically~*~*~ (stealth).
  1076 | D:1      | 1076 ||| DROPPING +0 whip.
  1098 | D:1      | 1098 ||| UPGRADING to +0 chain mail.
  1108 | D:1      | 1108 ||| DROPPING +0 scale mail.
  1109 | D:1      | 1109 ||| UPGRADING to amulet of regeneration.
  1114 | D:1      | 1114 ||| READING scroll labelled LULOSU TAIFFUG.
  1115 | D:1      | 1115 ||| READING scroll labelled SERIEJYPHU.
  1120 | D:1      | 1120 ||| READING scroll labelled VUGIGY DISI.
  1121 | D:1      | 1121 ||| READING scroll labelled XAERYIKKUM.
  1122 | D:1      | 1122 ||| DRINKING 2 metallic silvery potions.
  1123 | D:1      | 1123 ||| DROPPING potion of brilliance.
  1202 | D:2      | Reached skill level 1 in Throwing
  1243 | D:2      | Found a shimmering blue altar of Sif Muna.
  1250 | D:2      | Noticed Natasha
  1261 | D:2      | Killed Natasha
  1262 | D:2      | Reached XP level 4. HP: 27/28 MP: 4/4
  1348 | D:2      | Noticed Natasha
  1349 | D:2      | 1349 ||| Stepping ~*~*~tactically~*~*~ (hiding).
  1369 | D:2      | Killed Natasha
  1373 | D:2      | Found a faded altar of an unknown god.
  1470 | D:2      | Reached skill level 4 in Axes
  1759 | D:2      | 1759 ||| READING scroll labelled LAASEITILI.
  1760 | D:2      | 1760 ||| DRINKING 2 golden potions.
  1761 | D:2      | 1761 ||| DRINKING 2 cyan potions.
  1761 | D:2      | Gained mutation: Your body sometimes deteriorates upon
                  | taking damage. [potion of mutation]
  1761 | D:2      | Gained mutation: You passively map a small area around you.
                  | [potion of mutation]
  1762 | D:2      | 1762 ||| READING 2 scrolls of identify.
  1762 | D:2      | 1762 ||| IDENTIFYING fuming dark potion
  1763 | D:2      | 1763 ||| DROPPING potion of invisibility.
  1764 | D:2      | 1764 ||| DROPPING potion of degeneration.
  1926 | D:3      | 1926 ||| Stepping ~*~*~tactically~*~*~ (stealth).
  1956 | D:3      | 1956 ||| Stepping ~*~*~tactically~*~*~ (stealth).
  2009 | D:3      | 2009 ||| READING scroll of teleportation.
  2054 | D:3      | 2054 ||| Stepping ~*~*~tactically~*~*~ (stealth).
  2072 | D:3      | Reached XP level 5. HP: 28/32 MP: 5/5
  2086 | D:3      | 2086 ||| DROPPING +0 whip of venom.
  2395 | D:3      | 2395 ||| Stepping ~*~*~tactically~*~*~ (stealth).
  2569 | D:3      | Reached skill level 5 in Axes
  2647 | D:3      | 2647 ||| DROPPING +2 mace of holy wrath.
  2707 | D:3      | 2707 ||| DROPPING amulet of the acrobat.
  2838 | D:4      | Reached XP level 6. HP: 37/38 MP: 6/6
  2883 | D:4      | Found Nyegadurch's Overcharged Wands.
  2889 | D:4      | Noticed Edmund
  2890 | D:4      | 2890 ||| Stepping ~*~*~tactically~*~*~ (stealth).
  2891 | D:4      | 2891 ||| Stepping ~*~*~tactically~*~*~ (stealth).
  2901 | D:4      | HP: 6/38 [Edmund/+5 dire flail of protection (9)]
  2901 | D:4      | Slain by Edmund

Levels and vault maps discovered:
D:1:      dpeg_arrival_round_a, layout_basic, serial_shops,
          nicolae_shop_hallway_plus, minmay_octomino_j4
D:2:      layout_loops_cross, shapermc_ecumenical_altar_mp_ritualfount,
          basic_altar, moated_statue, uniq_natasha
D:3:      layout_basic, serial_co_window_serial, co_window_of_opportunity_a,
          co_window_corner_a, co_window_paths_a, co_window_corner_a,
          co_window_of_opportunity_a, co_window_paths_b, co_window_corner_b,
          co_window_broadway_c, co_window_unsneaky_path_d, co_window_corner_ca,
          co_window_paths_c, co_window_4corner_b, minivault_27,
          grunt_decor_mini_mirrors
D:4:      layout_gridville, okawaru_ov_weapons_minmay,
          nicolae_shop_overcharged_wands, uniq_edmund, uniq_grinder

Skill      XL: |  1  2  3  4  5 |
---------------+----------------+-----
Axes           | 2 3 4 5 |  5.1
Throwing       | 1 |  1.0
Fighting       | |  3.9
Armour         | |  3.2
Shields        | |  3.2

Action                   |  1- 3 |  4- 6 || total
-------------------------+-------+-------++-------
Melee: War axe           |    90 |   121 ||   211
Throw: Javelin           |    10 |    44 ||    54
  Use: Scroll            |     5 |     3 ||     8
       Potion            |     1 |     2 ||     3
Armor: Scale mail        |    31 |       ||    31
       Chain mail        |    13 |    65 ||    78
Dodge: Dodged            |    28 |    36 ||    64
Block: Buckler           |    18 |    23 ||    41

Table legend:
 A = Non-vault XP
 B = Vault XP
 C = Vault XP percentage of total XP
 D = Non-vault monster count
 E = Vault monster count
 F = Vault count percentage of total count
                 A         B        C        D         E       F
            +---------+---------+-------+---------+---------+-------
      Total |     301 |      36 |  10.7 |      76 |       3 |   3.8
            +---------+---------+-------+---------+---------+-------
        D:1 |      42 |       3 |   6.7 |      27 |       2 |   6.9
        D:2 |      66 |      33 |  33.3 |      15 |       1 |   6.2
        D:3 |     145 |       0 |   0.0 |      29 |       0 |   0.0
        D:4 |      48 |       0 |   0.0 |       5 |       0 |   0.0
            +---------+---------+-------+---------+---------+-------
